 Dungeon Crawl Stone Soup version 0.31-a0-4-gefa6de2278 (webtiles) character file.

Game seed: 15874539218639684545

3840 Mesmaeker13 the Fighter (level 10, -3/96 (110) HPs)
             Began as an Ogre Hunter on May 3, 2023.
             Slain by a wight
             ... wielding a +3 flail of freezing
              (4 damage)
             ... on level 9 of the Dungeon.
             The game lasted 00:11:38 (9050 turns).

Mesmaeker13 the Fighter (Ogre Hunter)               Turns: 9050, Time: 00:11:39

HP:   -3/96 (110)   AC:  3    Str: 21    XL:     10   Next: 18%
MP:   10/10         EV: 12    Int: 10    God:
Gold: 300           SH:  0    Dex: 12    Spells: 9/9 levels left

rFire   + . .        L - +4 dire flail
rCold   x . .        (shield currently unavailable)
rNeg    . . .        c - +0 robe
rPois   .            (helmet restricted)
rElec   .            (no cloak)
rCorr   .            (gloves unavailable)
SInv    .            (boots unavailable)
Will    +....        u - amulet of the acrobat
Stlth   +            j - ring of fire
HPRegen 0.36/turn    (no ring)
MPRegen 0.12/turn

%: acrobat
@: heavily drained
A: large, unfitting armour, tough skin 1
a: no special abilities


You were on level 9 of the Dungeon.
You visited 1 branch of the dungeon, and saw 9 of its levels.
You also visited: Sewer.

You collected 580 gold pieces.
You spent 280 gold pieces at shops.

Inventory:

Hand Weapons
 p - a +0 sling
 y - the +10 rapier "Giantbane" {spect, +Blink rC+}
   (You found it on level 5 of the Dungeon)

   rC:        It protects you from cold.
   +Blink:    It lets you blink.
 H - a +0 giant club
 L - a +4 dire flail (weapon)
Missiles
 a - 5 large rocks
 d - 110 stones
 K - 2 curare-tipped darts (quivered)
Armour
 c - a +0 robe (worn)
 k - an orb of light
Jewellery
 j - a ring of fire (left hand)
 n - an amulet of magic regeneration
 u - an amulet of the acrobat (around neck)
 I - an amulet of reflection
Wands
 M - a wand of mindburst (4)
Scrolls
 b - 2 scrolls of immolation
 m - 3 scrolls of poison
 q - a scroll of teleportation
 t - a scroll of enchant weapon
 v - 2 scrolls of noise {unknown}
 w - 3 scrolls of amnesia {unknown}
 x - 3 scrolls of enchant armour {unknown}
 A - a scroll of fog
 C - 2 scrolls of magic mapping
 D - a scroll of blinking
 E - a scroll of fear
Potions
 e - a potion of might
 f - 3 potions of heal wounds
 h - 2 potions of cancellation
 i - a potion of berserk rage
 l - 4 potions of mutation
 o - a potion of attraction {unknown}
 r - a potion of brilliance {unknown}
 s - 3 potions of invisibility
 z - a potion of flight {unknown}
 B - 2 potions of degeneration {unknown}
 F - a potion of lignification {unknown}
 G - a potion of resistance {unknown}
 J - a potion of magic {unknown}


   Skills:
 + Level 9.9 Fighting
 + Level 5.7(5.9) Maces & Flails
 - Level 2.5(4.7) Staves
 - Level 3.0 Ranged Weapons
 + Level 7.1 Throwing
 + Level 6.8 Dodging
 - Level 0.6 Stealth


You had 9 spell levels left.
You didn't know any spells.
Your spell library contained the following spells:

 Spells                   Type           Power      Damage    Failure   Level
 Magic Dart               Conj           0%         1d3       36%         1
 Sting                    Tmut/Pois      0%         1d3       36%         1
 Blink                    Tloc           0%         N/A       50%         2
 Poisonous Vapours        Pois/Air       0%         N/A       50%         2
 Searing Ray              Conj           0%         2d4       50%         2
 Mephitic Cloud           Conj/Pois/Air  0%         N/A       75%         3
 Vhi's Electric Charge    Tloc/Air       0%         N/A       75%         3
 Fulminant Prism          Conj/Hex       0%         3d5       98%         4
 Manifold Assault         Tloc           0%         N/A       98%         4
 Olgreb's Toxic Radiance  Pois           0%         N/A       98%         4
 Arcjolt                  Conj/Air       0%         1d10      100%        5
 Freezing Cloud           Conj/Ice/Air   0%         6-21      100%        5
 Summon Forest            Summ/Tloc      0%         N/A       100%        5
 Summon Mana Viper        Hex/Summ       0%         N/A       100%        5
 Summon Cactus Giant      Summ           0%         N/A       100%        6
 Storm Form               Tmut/Air       0%         N/A       100%        7
 Maxwell's Capacitive Co  Air            0%         ∞         100%        8


Dungeon Overview and Level Annotations

Branches:
Dungeon (9/15)             Temple (0/1) D:4           Sewer (visited)
   Lair: D:8-11         Orc: D:9-12

Altars:
Cheibriados
Gozag
Hepliaklqana
Uskayaw
Vehumet
Zin
The Shining One

Shops:
D:3 (   D:5 ?(

Annotations:
D:2 1 runed translucent door, Crazy Yiuf
D:6 3 runed translucent doors, Vorhees's ghost, novice TrGl


Innate Abilities, Weirdness & Mutations

You are too large for most types of armour.
You have tough skin. (AC +1)


Message History

The wight is moderately damaged.
The wight hits you with a +2 battleaxe of freezing.
You feel drained. The wight freezes you.
The wight hits you from afar with a +3 spear!
You sock the wight!
You destroy the wight!
The wight hits you from afar with a +3 spear!
You feel drained. The wight barely misses you.
Things that are here:
a +2 battleaxe of freezing; a +0 robe You completely miss the wight.
The wight hits you with a +3 spear.
You feel drained.
You puncture the wight!
You destroy the wight!
You hit the wight.
The wight is lightly damaged.
The wight misses you.
You completely miss the wight.
The wight is lightly damaged.
The wight hits you with a +3 flail of freezing!
The wight freezes you.
* * * LOW HITPOINT WARNING * * *
You thump the wight!
The wight is severely damaged.
The wight hits you with a +3 flail of freezing!
* * * LOW HITPOINT WARNING * * *
You feel drained.
* * * LOW HITPOINT WARNING * * *
The wight freezes you.
* * * LOW HITPOINT WARNING * * *
You closely miss the wight.
The wight is severely damaged.
The wight barely misses you.
You barely miss the wight.
The wight is severely damaged.
The wight hits you with a +3 flail of freezing!
* * * LOW HITPOINT WARNING * * *
The wight freezes you.
You die...

...#########
.....zz@)..#
...#######.#
#.#
#.########
#........#
#.######.#
#.# #.#####
##+# #.....#


You could see 2 wights.

Vanquished Creatures
  A rime drake (D:9)
  A polar bear (D:9)
  A hornet (D:9)
  Eustachio (D:6)
  2 steam dragons
  A water moccasin (D:6)
  Duvessa (D:7)
  Pargi (Sewer)
  A sky beast (D:7)
  A black bear (D:5)
  2 ogres
  3 centaurs
  A kobold brigand (D:6)
  2 phantoms
  Blork the orc (D:6)
  A bullfrog (D:8)
  7 wights
  Dowan (D:7)
  6 killer bees
  3 howler monkeys (D:8)
  6 hounds
  A gnoll bouda (D:8)
  2 orc priests
  2 sleepcaps
  4 iguanas
  5 orc wizards
  5 gnolls
  A river rat (D:4)
  8 adders
  A white imp (D:6)
  2 worms (D:4)
  A dart slug (D:1)
  10 orcs
  2 ball pythons
  5 endoplasms
  2 giant cockroaches
  4 goblins
  4 hobgoblins
  8 jackals
  8 kobolds
  5 quokkas
  7 bats
  4 frilled lizards
  5 rats
140 creatures vanquished.

Vanquished Creatures (others)
  A fungus (D:1)
  4 toadstools (D:1)
5 creatures vanquished.

Grand Total: 145 creatures vanquished

Notes
Turn   | Place    | Note
-------+----------+-------------------------------------------
     0 | D:1      | Mesmaeker13 the Ogre Hunter began the quest for the Orb.
     0 | D:1      | Reached XP level 1. HP: 22/22 MP: 1/1
    65 | D:1      | Reached skill level 3 in Fighting
   109 | D:1      | Reached XP level 2. HP: 31/31 MP: 2/2
   130 | D:1      | You fall into a shaft and drop 1 floor!
   450 | D:1      | Reached skill level 1 in Throwing
   632 | D:1      | Reached XP level 3. HP: 37/37 MP: 3/3
  1315 | D:2      | Found a runed translucent door.
  1316 | D:2      | Noticed Crazy Yiuf
  1334 | D:2      | Found a snail-covered altar of Cheibriados.
  2452 | D:3      | Reached XP level 4. HP: 48/48 MP: 4/4
  2878 | D:3      | Found Ulepsiub's Antique Weapon Shop.
  2883 | D:3      | Bought an ivory quarterstaff for 162 gold pieces
  2883 | D:3      | Identified the +2 quarterstaff "Wauga" {elec, Fragile
                  | +Blink rElec Int-5} (You bought it in a shop on level 3 of
                  | the Dungeon)
  3116 | D:4      | Found a staircase to the Ecumenical Temple.
  3135 | D:4      | Reached skill level 4 in Fighting
  3367 | D:4      | Noticed a phantom
  3387 | D:3      | Killed a phantom
  3388 | D:3      | Reached skill level 1 in Staves
  3388 | D:3      | Reached XP level 5. HP: 25/55 MP: 5/5
  3566 | D:4      | Found a glowing drain.
  3570 | Sewer    | Entered a sewer
  3615 | Sewer    | Noticed Pargi
  3628 | Sewer    | Killed Pargi
  3629 | Sewer    | Reached skill level 5 in Fighting
  3629 | Sewer    | Reached XP level 6. HP: 53/66 MP: 6/6
  4284 | D:5      | Entered Level 5 of the Dungeon
  4337 | D:5      | Identified the +10 rapier "Giantbane" {spect, +Blink rC+}
  4383 | D:5      | Reached skill level 1 in Maces & Flails
  4383 | D:5      | Reached XP level 7. HP: 72/72 MP: 7/7
  4402 | D:5      | Found Ucode's Magic Scroll Emporium.
  4414 | D:5      | Bought a scroll of identify for 28 gold pieces
  4715 | D:5      | Reached skill level 6 in Fighting
  4763 | D:5      | Found Guces's Firing Range.
  5096 | D:6      | Noticed Eustachio
  5123 | D:6      | Killed Eustachio
  5124 | D:6      | Reached XP level 8. HP: 28/84 MP: 8/8
  5406 | D:6      | Found a glowing golden altar of the Shining One.
  5408 | D:6      | Found a hide-covered altar of Uskayaw.
  5425 | D:6      | Found a hazy altar of Hepliaklqana.
  5428 | D:6      | Found a radiant altar of Vehumet.
  5447 | D:6      | Found a glowing silver altar of Zin.
  5489 | D:6      | Found a runed translucent gate.
  5489 | D:6      | Found a runed translucent gate.
  5489 | D:6      | Found a runed translucent gate.
  5490 | D:6      | Found an opulent altar of Gozag.
  5491 | D:6      | Noticed Vorhees's ghost (novice TrGl)
  5492 | D:6      | Noticed a manticore
  5621 | D:6      | Reached skill level 7 in Fighting
  5717 | D:6      | Noticed Blork the orc
  5729 | D:6      | Killed Blork the orc
  6120 | D:7      | Reached skill level 5 in Throwing
  6120 | D:7      | Reached skill level 5 in Dodging
  6744 | D:5      | Bought 2 large rocks for 36 gold pieces
  6744 | D:5      | Bought 3 large rocks for 54 gold pieces
  6974 | D:7      | Reached XP level 9. HP: 90/96 MP: 9/9
  7161 | D:7      | Noticed Dowan
  7162 | D:7      | Noticed Duvessa
  7168 | D:7      | Killed Duvessa
  7177 | D:7      | Killed Dowan
  7178 | D:7      | Reached skill level 8 in Fighting
  8232 | D:8      | Reached skill level 9 in Fighting
  8769 | D:9      | Noticed a hornet
  8774 | D:9      | Killed a hornet
  8775 | D:9      | Reached skill level 5 in Maces & Flails
  8836 | D:9      | Noticed a polar bear
  8842 | D:9      | Noticed a rime drake
  8852 | D:9      | Killed a rime drake
  8853 | D:9      | Reached XP level 10. HP: 44/109 MP: 10/10
  9050 | D:9      | HP: 1/96 [wight/+3 flail of freezing (10)]
  9050 | D:9      | Slain by a wight

Illustrated notes

Levels and vault maps discovered:
D:1:      matt_arrival_diagonals, layout_basic, corexii_corridor_pit,
          minmay_misc_feat_plants, minmay_gold_behind_fungi
D:2:      layout_loops_ring, basic_altar, nicolae_hexahallways,
          uniq_crazy_yiuf_cottage
D:3:      layout_basic, serial_shops, shop
D:4:      layout_loops_ring, minmay_temple_entry_sparse_star,
          gup_sewer_entry_spiral
D:5:      layout_loops_ring, serial_shops, shop, columned_hall_lemuel,
          nicolae_shop_firing_range
D:6:      layout_basic, minmay_overflow_temple_star_hex, ebering_ghost_gozag,
          minmay_liquid_box, uniq_blork_the_orc, uniq_eustachio
D:7:      layout_basic, st_stairs_7, uniq_duvessa
D:8:      layout_basic, uniq_maggie
D:9:      layout_loops_corners, chei_slow_surprise,
          nicolae_yredelemnul_corpse_copse, hellmonk_lair_entry_icy,
          orc_0_dummy, enter_bailey_3, uniq_maurice

Skill      XL: |  1  2  3  4  5  6  7  8  9 10 |
---------------+-------------------------------+-----
Ranged Weapons | 3 |  3.0
Fighting       | 3 4 5 6 7 9 |  9.9
Dodging        | 2 3 4 5 6 |  6.8
Throwing       | 1 2 3 4 5 6 7 |  7.1
Staves         | 1 2 |  2.5
Maces & Flails | 1 2 3 5 |  5.7
Stealth        | |  0.6

Action                     |  1- 3 |  4- 6 |  7- 9 | 10-12 || total
---------------------------+-------+-------+-------+-------++-------
  Melee: Club              |    78 |    18 |       |       ||    96
         Punch             |     4 |       |     3 |       ||     7
         Quarterstaff      |       |    95 |       |       ||    95
         Rapier            |       |     2 |   154 |       ||   156
         Dire flail        |       |       |    54 |    17 ||    71
   Fire: Shortbow          |    51 |       |       |       ||    51
  Throw: Stone             |       |     2 |    14 |       ||    16
         Dart              |       |       |     6 |       ||     6
         Large rock        |       |       |     3 |       ||     3
    Use: Scroll            |     1 |     6 |     6 |       ||    13
         Potion            |       |     1 |     7 |       ||     8
   Stab: Invisible         |       |       |     3 |       ||     3
         Sleeping          |       |       |     1 |       ||     1
 Armour: Robe              |    24 |    36 |    34 |       ||    94
  Dodge: Dodged            |    59 |    68 |   163 |    12 ||   302

Table legend: (Time is in decaauts)
 A = Elapsed time spent in this place.
 B = Non-inter-level travel time spent in this place.
 C = Inter-level travel time spent in this place.
 D = Time resting spent in this place.
 E = Time spent auto-exploring this place.
 F = Levels seen in this place.
 G = Mean time per level.
                   A        B        C        D        E       F      G
               +--------+--------+--------+--------+--------+-----+--------+
         Total |   9146 |   8533 |    613 |   1384 |   5733 |  10 |  914.6 |
       Dungeon |   8998 |   8385 |    613 |   1342 |   5684 |   9 |  999.8 |
         Sewer |    147 |    147 |      0 |     42 |     49 |   1 |  147.0 |
               +--------+--------+--------+--------+--------+-----+--------+

Top non-repeatable levels by time:
     D:8: 1498 daAuts
     D:3: 1477 daAuts
     D:7: 1142 daAuts
     D:6: 1106 daAuts
     D:4: 959 daAuts
     D:2: 903 daAuts
     D:1: 858 daAuts
     D:5: 763 daAuts
     D:9: 289 daAuts
   Sewer: 147 daAuts
